Map: Tours du crépuscule

Players

pupu - Winner!

  • Race: Protoss Protoss
  • League: Silver

Charx

  • Race: Zerg Zerg
  • League: Bronze

VOD

Have the link to the VOD?

Description

Time

  • Played on: April 13, 2016, 5:40 a.m.
  • Length: 7:47
Show
View Real Time Build Order
Export as new Build Order

pupu Protoss - Winner!

Build Orders:  

Get SALT Encoding   

  12  0:01  Probe (Chrono Boost)  
  13  0:11  Probe (Chrono Boost)  
  14  0:21  Pylon  
  14  0:22  Probe (Chrono Boost)  
  15  0:39  Probe (Chrono Boost)  
  15  0:40  Gateway  
  16  0:46  Assimilator  
  16  0:49  Probe (Chrono Boost)  
  17  1:00  Probe (Chrono Boost)  
  18  1:21  Probe (Chrono Boost)  
  19  1:29  Cybernetics Core  
  19  1:32  Probe (Chrono Boost)  
  20  1:47  Nexus  
  20  1:49  Probe (Chrono Boost), Assimilator  
  21  1:55  Zealot (Chrono Boost)  
  23  2:07  Pylon  
  23  2:17  Warp Gate (Chrono Boost)  
  23  2:25  Probe  
  23  2:26  Adept  
  26  2:37  Probe  
  26  2:40  Robotics Facility  
  27  2:50  Mothership Core  
  29  2:52  Gateway  
  29  3:03  Probe  
  32  3:11  Probe  
  33  3:13  Sentry  
  33  3:14  Probe  
  34  3:23  Probe  
  34  3:26  Twilight Council  
  35  3:27  Probe  
  35  3:30  Assimilator  
  36  3:36  Warp Prism  
  38  3:43  Adept  
  38  3:46  Adept  
  42  3:49  Probe  
  42  3:55  Probe  
  43  4:01  Probe, Pylon  
  45  4:05  Resonating Glaives (Chrono Boost)  
  45  4:07  Probe  
  46  4:16  Gateway  
  46  4:19  Probe  
  46  4:24  Pylon  
  47  4:30  Pylon  
  47  4:34  Gateway  
  47  4:38  Probe  
  47  4:40  Probe  
  53  4:45  Immortal  
  53  4:49  Probe  
  53  4:52  Probe  
  55  4:59  Forge  
  55  5:00  Probe  
  55  5:04  Adept  
  55  5:05  Adept  
  60  5:25  Immortal  
  64  5:31  Adept x2  
  64  5:34  Adept  
  70  5:41  Pylon  
  70  5:43  Pylon  
  70  5:46  Pylon  
  70  6:22  Adept x4  
  76  7:12  Stalker x4  
  86  7:33  Gateway  
  86  7:34  Probe  
  86  7:35  Gateway  
  88  7:37  Gateway  
Show
View Real Time Build Order
Export as new Build Order

Charx Zerg 

Build Orders: Pool First 

Get SALT Encoding   

  12  0:07  Drone  
  13  0:19  Drone  
  14  0:30  Spawning Pool  
  14  0:31  Drone  
  14  1:01  Overlord  
  14  1:03  Hatchery  
  13  1:06  Drone  
  14  1:18  Extractor  
  14  1:19  Drone  
  14  1:21  Drone  
  15  1:40  Queen  
  15  1:45  Drone x3  
  20  1:56  Zergling x2  
  21  2:12  Drone  
  22  2:19  Queen  
  24  2:27  Drone x2  
  26  2:34  Roach Warren  
  25  2:37  Drone  
  25  2:38  Drone  
  27  2:44  Overlord  
  27  2:46  Overlord  
  27  2:48  Metabolic Boost  
  27  2:53  Drone  
  28  3:02  Overlord x2  
  28  3:27  Drone x2  
  28  3:28  Drone x3  
  33  3:39  Queen  
  35  3:44  Lair  
  35  3:48  Extractor  
  34  3:49  Drone x2  
  36  3:57  Extractor  
  35  4:11  Hatchery  
  35  4:14  Roach x3  
  35  4:15  Roach  
  35  4:16  Burrow, Drone  
  42  4:33  Drone x5  
  42  4:34  Drone  
  42  4:35  Drone  
  49  4:46  Drone  
  49  4:47  Drone x3  
  53  4:55  Infestation Pit  
  52  5:00  Hydralisk Den  
  52  5:02  Spore Crawler  
  52  5:04  Drone, Spore Crawler  
  50  5:23  Queen  
  50  5:24  Drone  
  53  5:32  Overlord  
  53  5:33  Overlord  
  53  5:34  Roach x4  
  61  5:36  Infestor  
  63  5:44  Drone x3  
  66  5:55  Spore Crawler  
  65  5:57  Extractor  
  65  6:02  Spore Crawler  
  37  6:53  Drone  
  37  6:54  Drone x10  
  41  6:55  Drone x10  
Tags
 
Add a new tag
Caveats
  • Supply blocks, unpowered buildings, or Contaminate may cause inaccurate times.
  • Supply counts are checked every 10 seconds.